 Dungeon Crawl Stone Soup version 0.30.0-29-ga12c61a403 (webtiles) character file.

Game seed: 18304376293662055389

28 skidoiboi the Chopper (level 2, -2/26 HPs)
             Began as a Draconian Berserker on June 10, 2023.
             Was a Follower of Trog.
             Slain by an adder (3 damage)
             ... on level 2 of the Dungeon.
             The game lasted 00:01:50 (629 turns).

skidoiboi the Chopper (Draconian Berserker)          Turns: 629, Time: 00:01:53

Health: -2/26      AC:  4    Str: 19    XL:     2   Next: 96%
Magic:  2/2        EV: 12    Int:  7    God:    Trog [*.....]
Gold:   91         SH:  0    Dex: 10    Spells: 1/1 levels left

rFire   . . .        a - +0 hand axe
rCold   . . .        (no shield)
rNeg    . . .        (body armour unavailable)
rPois   .            (helmet restricted)
rElec   .            (no cloak)
rCorr   .            (no gloves)
SInv    .            (no boots)
Will    .....        (no amulet)
Stlth   +            (no ring)
HPRegen 0.24/turn    (no ring)
MPRegen 0.08/turn

%: no passive effects
@: lethally poisoned (-2 -> -5)
A: AC +4, unfitting armour, cold-blooded
a: Renounce Religion, Berserk


You were on level 2 of the Dungeon.
You worshipped Trog.
Trog was aware of your devotion.
You visited 1 branch of the dungeon, and saw 2 of its levels.

You collected 91 gold pieces.

Inventory:

Hand Weapons
 a - a +0 hand axe (weapon)
Missiles
 b - 13 stones (quivered)
Potions
 d - a potion of heal wounds
 h - a potion of might {unknown}
 i - a potion of attraction {unknown}


   Skills:
 - Level 3.2 Fighting
 * Level 4.2 Axes
 - Level 2.6 Dodging


You had one spell level left.
You didn't know any spells.
Your spell library was empty.

Dungeon Overview and Level Annotations

Branches:
Dungeon (2/15)

Altars:


Innate Abilities, Weirdness & Mutations

Your plain brown scales are hard. (AC +4)
You cannot fit into any form of body armour.
You are cold-blooded and may be slowed by cold attacks.


Message History

The giant cockroach is almost dead.
The giant cockroach misses you.
You closely miss the giant cockroach.
The giant cockroach is almost dead.
You hit the adder. The adder barely misses you. The giant cockroach bites you.
The adder bites you.
You hit the giant cockroach.
You kill the giant cockroach!
Trog accepts your kill.
You hit the adder. The adder misses you.
You closely miss the adder. You tail-slap the adder.
The adder is severely wounded.
The adder bites you.
You are poisoned.
The adder poisons you! The adder bites you.
You are more poisoned.
The adder poisons you!
You barely miss the adder.
The adder is severely wounded.
You hit the worm.
You feel very sick. The adder closely misses you.
You hit the adder but do no damage.
The adder is severely wounded.
You hit the worm.
You feel sick. The adder misses you. The worm bites you.
You completely miss the adder.
The adder is severely wounded.
You hit the worm.
You feel sick. The adder barely misses you. x2
You hit the worm.
The worm is severely wounded.
You barely miss the adder.
You feel sick. The adder closely misses you.
The worm bites you but does no damage.
You hit the worm.
The worm is almost dead.
You closely miss the adder.
You feel sick. The adder bites you.
* * * LOW HITPOINT WARNING * * *
The worm bites you.
* * * LOW HITPOINT WARNING * * *
The adder bites you.
You die...

..........
).........
.........
.........
........#
........##
.......<.#
.......S.#
......w@.#
.......†.#
.........#
........##
#......##
#######


You could see a worm and an adder.

Vanquished Creatures
  5 ball pythons
  A bat (D:1)
  5 endoplasms (D:1)
  2 giant cockroaches
  4 hobgoblins (D:1)
  A frilled lizard (D:1)
  2 kobolds (D:1)
  2 rats (D:1)
22 creatures vanquished.

Notes
Turn   | Place    | Note
-------+----------+-------------------------------------------
     0 | D:1      | skidoiboi the Draconian Berserker began the quest for the
                  | Orb.
     0 | D:1      | Reached XP level 1. HP: 19/19 MP: 1/1
   151 | D:1      | Reached XP level 2. HP: 25/26 MP: 2/2
   301 | D:1      | Reached skill level 4 in Axes
   629 | D:2      | HP: 1/26 [worm (6)]
   629 | D:2      | Slain by an adder

Illustrated notes

Levels and vault maps discovered:
D:1:      spicycebolla_arrival_ecumenical, layout_basic, minmay_pentomino_t4
D:2:      minmay_chambers_of_ones, layout_rooms

Skill      XL: |  1  2 |
---------------+-------+-----
Axes           | 4 |  4.2
Fighting       | |  3.2
Dodging        | |  2.6

Action                     || total
---------------------------++-------
  Melee: Hand axe          ||    66
         Tailslap          ||     8
         Punch             ||     1
    Use: Scroll            ||     5
 Armour: Skin              ||    17
  Dodge: Dodged            ||    40
